 Dungeon Crawl Stone Soup version 0.30.0 (webtiles) character file.

Game seed: 11376691026136083016

296744 Minorbread the Earth Mage (level 19, -1/138 HPs)
             Began as a Red Draconian Earth Elementalist on June 3, 2023.
             Was the Champion of Vehumet.
             Slain by a fire giant
             ... wielding a +2 great sword of flaming
              (23 damage)
             ... on level 15 of the Dungeon on June 12, 2023.
             The game lasted 02:11:24 (54845 turns).

Minorbread the Earth Mage (DrEE)                   Turns: 54845, Time: 02:11:25

Health: -1/138     AC: 21    Str: 13    XL:     19   Next: 66%
Magic:  2/28       EV: 13    Int: 22    God:    Vehumet [******]
Gold:   2165       SH:  0    Dex:  9    Spells: 1/47 levels left

rFire   + + +        X - +8 trishula "Condemnation" {holy, anguish, *Noise Fly rN+}
rCold   + + +        R - orb of the Apprentice {*Rage, rF++ Slay+2}
rNeg    + . .        (body armour unavailable)
rPois   .            L - +1 hat "Jest" {*Slow rC+++ Regen+ MP-9}
rElec   .            j - +2 cloak of Indemnity {Will++ rCorr}
rCorr   +            m - +2 pair of gloves
SInv    +            Q - +3 pair of mountain boots {steadfast, rC+}
Will    +++..        H - amulet of regeneration
Stlth   ++           I - ring of see invisible
HPRegen 2.03/turn    C - ring of wizardry
MPRegen 0.21/turn

%: random rage (20%), slow self (1%), wizardry (x1)
@: radiating poison, flying
A: breathe fire, AC +10, unfitting armour, fire resistance 1, cold-blooded,
clumsy 1, frail 1, no potion heal 1
}: 3/15 runes: barnacled, slimy, gossamer
a: Breathe Fire, Renounce Religion


You were on level 15 of the Dungeon.
You worshipped Vehumet.
Vehumet was exalted by your worship.
You visited 10 branches of the dungeon, and saw 40 of its levels.
You visited 1 bazaar.
You also visited: Trove and Ice Cave.

You collected 6591 gold pieces.
You spent 4426 gold pieces at shops.

Inventory:

Hand Weapons
 X - the +8 trishula "Condemnation" (weapon) {holy, anguish, *Noise Fly rN+}
   (You found it on level 14 of the Dungeon)

   rN:        It protects you from negative energy.
   Fly:       It grants you flight.
   *Noise:    It may make noises in combat.
 Y - the +4 hand crossbow "Ojeox" {drain, Fly rN+++ Dex-3 Stlth-}
   (You found it in a treasure trove)

   Dex:       It affects your dexterity (-3).
   rN:        It renders you almost immune to negative energy.
   Fly:       It grants you flight.
   Stlth:     It makes you less stealthy.
Armour
 j - the +2 cloak of Indemnity (worn) {Will++ rCorr}
   (You found it on level 2 of the Dungeon)

   rCorr:     It protects you from acid and corrosion.
   Will:      It greatly increases your willpower.
 m - a +2 pair of gloves (worn)
 x - the +0 buckler of the Building Gods {rN+ Will+ Dex-4 Stlth+}
   (You acquired it on level 3 of the Spider Nest)

   Dex:       It affects your dexterity (-4).
   rN:        It protects you from negative energy.
   Will:      It increases your willpower.
   Stlth:     It makes you more stealthy.
 K - a +1 hat of willpower
 L - the +1 hat "Jest" (worn) {*Slow rC+++ Regen+ MP-9}
   (You found it in a treasure trove)

   rC:        It renders you almost immune to cold.
   MP:        It affects your magic capacity (-9).
   Regen:     It increases your rate of health regeneration.
   *Slow:     It may slow you when you take damage.
 Q - the +3 pair of mountain boots (worn) {steadfast, rC+}
   (You bought it in a shop on level 2 of the Orcish Mines)

   Steadfast: It prevents involuntary movement, except for blinking,
   teleportation, or banishment.
   rC:        It protects you from cold.
 R - the orb of the Apprentice (worn) {*Rage, rF++ Slay+2}
   (You bought it in a shop on level 2 of the Orcish Mines)

   Slay:      It affects your accuracy & damage with ranged weapons and melee
   (+2).
   rF:        It greatly protects you from fire.
Jewellery
 e - the amulet "Suqiyfra" {Reflect +Inv rF+ SH+5}
   (You found it in a treasure trove)

   [amulet of reflection]

   It reflects blocked missile attacks.
   rF:        It protects you from fire.
   +Inv:      It lets you turn invisible.
   SH:        It affects your SH (+5).
 w - a ring of resist corrosion
 B - the ring of Doasoac {*Corrode *Slow rC+++ Int+4 SInv}
   (You found it on level 5 of the Pits of Slime)

   [ring of see invisible]

   Int:       It affects your intelligence (+4).
   rC:        It renders you almost immune to cold.
   SInv:      It lets you see invisible.
   *Corrode:  It may corrode you when you take damage.
   *Slow:     It may slow you when you take damage.
 C - a ring of wizardry (right hand)
 H - an amulet of regeneration (around neck)
 I - a ring of see invisible (left hand)
 U - a ring of magical power
 Z - the ring "Tosm" {Ice rCorr Str-2 Dex+2}
   (You took it off a merfolk on level 3 of the Shoals)

   [ring of ice]

   It enhances your ice magic.
   Str:       It affects your strength (-2).
   Dex:       It affects your dexterity (+2).
   rF:        It makes you vulnerable to fire.
   rC:        It protects you from cold.
   rCorr:     It protects you from acid and corrosion.
Wands
 p - a wand of digging (10)
 v - a wand of flame (27)
 A - a wand of iceblast (20)
 D - a wand of paralysis (55)
 G - a wand of polymorph (37)
 O - a wand of quicksilver (18)
 W - a wand of mindburst (26)
Scrolls
 b - a scroll of silence
 c - 3 scrolls of torment
 d - 2 scrolls of poison
 i - 8 scrolls of vulnerability
 n - 14 scrolls of teleportation
 s - 4 scrolls of fog
 y - 3 scrolls of amnesia
 F - 4 scrolls of enchant armour
 M - 3 scrolls of blinking
 T - 2 scrolls of summoning
 V - 2 scrolls of fear
Potions
 a - 6 potions of magic
 f - 10 potions of flight
 g - 11 potions of heal wounds
 h - 3 potions of invisibility
 k - 6 potions of brilliance
 l - 2 potions of berserk rage
 o - 22 potions of curing
 q - 4 potions of attraction
 r - 7 potions of ambrosia
 t - 5 potions of lignification
 u - 2 potions of resistance
 E - 4 potions of might
 J - 7 potions of haste
 P - 7 potions of cancellation
Miscellaneous
 N - a lightning rod (4/4)
 S - a phantom mirror


   Skills:
 - Level 10.0 Fighting
 - Level 5.0 Dodging
 - Level 1.7 Stealth
 - Level 8.0 Shields
 + Level 14.8 Spellcasting
 + Level 15.9 Conjurations
 - Level 14.0 Summonings
 - Level 5.0 Translocations
 - Level 8.0 Transmutations
 - Level 8.0 Fire Magic
 - Level 4.1 Air Magic
 - Level 16.0 Earth Magic
 - Level 12.0 Poison Magic


You had one spell level left.
You knew the following spells:

 Your Spells              Type           Power      Damage    Failure   Level
a - Eringya's Noxious Bo  Tmut/Pois      28%        N/A       1%          6
b - Summon Cactus Giant   Summ           33%        N/A       1%          6
c - Passwall              Tmut/Erth      51%        N/A       1%          2
d - Spellforged Servitor  Conj/Summ      35%        N/A       1%          7
e - Ignite Poison         Fire/Tmut/Pois 55%        N/A       1%          3
f - Poisonous Vapours     Pois/Air       100%       N/A       1%          2
g - Olgreb's Toxic Radia  Pois           62%        N/A       1%          4
h - Iron Shot             Conj/Erth      36%        9d7       1%          6
i - Lehudib's Crystal Sp  Conj/Erth      36%        10d9      4%          8
j - Blink                 Tloc           76%        N/A       1%          2

Your spell library contained the following spells:

 Spells                   Type           Power      Damage    Failure   Level
 Shatter                  Erth           36%        3d29*     43%         9
 Fire Storm               Conj/Fire      31%        8d8       89%         9
 Chain Lightning          Conj/Air       28%        3d38      98%         9
 Sandblast                Erth           100%       2d20      0%          1
 Foxfire                  Conj/Fire      100%       2x1d9     1%          1
 Necrotise                Necr           64%        1d7       1%          1
 Sting                    Tmut/Pois      100%       1d8       1%          1
 Searing Ray              Conj           100%       2d8       0%          2
 Stone Arrow              Conj/Erth      100%       3d13      0%          3
 Cigotuvi's Dreadful Rot  Necr/Pois/Air  80%        N/A       1%          2
 Momentum Strike          Conj/Tloc      100%       3d10      1%          2
 Scorch                   Fire           100%       2d9       1%          2
 Static Discharge         Conj/Air       100%       2-7/arc   1%          2
 Call Canine Familiar     Summ           67%        N/A       1%          3
 Hailstorm                Conj/Ice       51%        3d11      1%          3
 Inner Flame              Hex/Fire       33%        N/A       1%          3
 Portal Projectile        Hex/Tloc       54%        N/A       1%          3
 Vhi's Electric Charge    Tloc/Air       72%        N/A       1%          3
 Airstrike                Air            17%        2d(3-19)  1%          4
 Flame Wave               Conj/Fire      62%        2d14      1%          4
 Leda's Liquefaction      Hex/Erth       25%        N/A       1%          4
 Manifold Assault         Tloc           38%        N/A       1%          4
 Petrify                  Tmut/Erth      62%        N/A       1%          4
 Sticky Flame             Conj/Fire      62%        2d8       1%          4
 Summon Lightning Spire   Summ/Air       54%        N/A       1%          4
 Arcjolt                  Conj/Air       28%        1d38      1%          5
 Blade Hands              Tmut           25%        N/A       1%          5
 Fireball                 Conj/Fire      31%        3d13      1%          5
 Irradiate                Conj/Tmut      31%        3d22      1%          5
 Iskenderun's Battlesphe  Conj           72%        2d12      1%          5
 Conjure Ball Lightning   Conj/Air       28%        3x3d8     1%          6
 Starburst                Conj/Fire      31%        6d9       1%          6
 Orb of Destruction       Conj           36%        9d11      1%          7
 Sublimation of Blood     Necr           16%        N/A       2%          2
 Ice Form                 Ice/Tmut       33%        N/A       2%          4
 Vampiric Draining        Necr           16%        2d7       4%          3
 Plasma Beam              Fire/Air       21%        2x1d36    5%          6
 Animate Dead             Necr           16%        N/A       16%         4
 Cause Fear               Hex            8%         N/A       16%         4
 Dispel Undead            Necr           16%        3d10      16%         4
 Dispersal                Tloc           19%        N/A       28%         6
 Agony                    Necr           16%        N/A       38%         5
 Dragon Form              Tmut           25%        N/A       41%         7
 Haunt                    Necr/Summ      23%        N/A       54%         7
 Ignition                 Fire           25%        3d9       61%         8
 Storm Form               Tmut/Air       21%        N/A       67%         7
 Death Channel            Necr           8%         N/A       89%         6
 Simulacrum               Ice/Necr       8%         N/A       89%         6
 Maxwell's Capacitive Co  Air            17%        ∞         96%         8
 Dragon's Call            Summ           33%        N/A       99%         9
 Discord                  Hex            8%         N/A       100%        8
 Disjunction              Tloc           19%        N/A       100%        8
 Infestation              Necr           8%         N/A       100%        8
 Animate Armour           Summ/Erth      Unusable   N/A       N/A         4

Dungeon Overview and Level Annotations

Branches:
Dungeon (15/15)            Temple (1/1) D:7            Lair (5/5) D:10
 Shoals (4/4) Lair:3       Spider (4/4) Lair:2        Slime (5/5) Lair:5
    Orc (2/2) D:10            Elf (1/3) Orc:2        Vaults (2/5) D:14
 Depths (1/4) D:15          IceCv (visited)
  Crypt: Vaults:2-3

Altars:
Ashenzari
Fedhas
Gozag
Hepliaklqana
Nemelex Xobeh
Qazlal
Trog
Uskayaw
Vehumet
Wu Jian
Xom
Yredelemnul
Zin
The Shining One
Jiyva

Shops:
D:5 *   D:8 :   D:13 ?   Orc:2 [(=*   Shoals:3 (

Annotations:
Shoals:1 2 transporters, Witt's ghost, adept GrFi
Orc:2 3 runed translucent doors, MuseOD's ghost, journeyman GrFi
Vaults:2 Mennas


Innate Abilities, Weirdness & Mutations

You can breathe blasts of fire.
Your fiery red scales are hard. (AC +10)
You cannot fit into any form of body armour.
Your flesh is heat resistant. (rF+)
You are cold-blooded and may be slowed by cold attacks.
You are clumsy. (Dex -2)
You are frail. (-10% HP)
Potions are less effective at restoring your health.


Message History

You kill the quicksilver dragon!
Vehumet accepts your kill.
You feel your power returning.
The juggernaut hits your spellforged servitor!!
The juggernaut hits your spellforged servitor but does no damage.
Your spellforged servitor points at the juggernaut and mumbles some strange words.
The crystal spear hits the juggernaut!
Casting: Lehudib's Crystal Spear (dangerous; 4% risk of failure)
Confirm with . or Enter, or press ? or * to list all spells.
You begin to radiate toxic energy.
The juggernaut is poisoned.
The fire giant is poisoned.
Casting: Olgreb's Toxic Radiance (safe; 1% risk of failure)
Confirm with . or Enter, or press ? or * to list all spells.
You ignite the poison in your surroundings!
The fire giant seems to burn from within.
The fire giant is heavily wounded.
The juggernaut seems to burn from within.
The juggernaut is moderately wounded.
The juggernaut is poisoned.
The fire giant is poisoned.
Your toxic aura wanes.
Your spellforged servitor gestures at the juggernaut while chanting.
The crystal spear hits the juggernaut!!!
The fire giant barely misses you.
The juggernaut hits your spellforged servitor!
The juggernaut barely misses your spellforged servitor.
Casting: Ignite Poison (safe; 1% risk of failure)
Confirm with . or Enter, or press ? or * to list all spells.
You begin to radiate toxic energy.
The juggernaut looks even sicker.
The fire giant hits you with a +2 great sword of flaming!
* * * LOW HITPOINT WARNING * * *
Casting: Olgreb's Toxic Radiance (safe; 1% risk of failure)
Confirm with . or Enter, or press ? or * to list all spells.
You don't have enough magic to cast this spell.
Okay, then.
Your system partially rejects the healing.
You feel much better.
Your spellforged servitor points at the juggernaut and mumbles some strange words.
The crystal spear hits the juggernaut!!
The fire giant hits you with a +2 great sword of flaming!!
You die...

#.........P.....#
##..## #
##)..............#
##..##
##.<......8...8...#
##..#
#....[...[........#
##.#
##......[..........#
#.#
###.##.......>..P....#
##.#
##..####.....PC..8...##
##..# #..##
#..8...P9C...8# ##..##
..## #..P.....@....#
#..## .##
#......P...8..# #### ##
##....P...P..## #
#...8..P..P##
##..##.##### ##....#
######


You could see a juggernaut (distracted, very poisoned, ally target), a fire
giant (poisoned) and a friendly spellforged servitor (summoned).

Vanquished Creatures
  the Royal Jelly (Slime:5)
  Nikola (Shoals:3)
  Jorgrun (Shoals:1)
  16 acid blobs
  A quicksilver dragon (D:15)
  Kirke (Spider:4)
  Ilsuiw (Shoals:4)
  10 azure jellies
  4 rockslimes (Slime:5)
  An emperor scorpion (Spider:4)
  A vault warden (Vaults:1)
  A deep elf sorcerer (Vaults:1)
  5 ghost moths (Spider:4)
  An ironbound preserver (Vaults:1)
  An orc warlord (Orc:2)
  3 broodmothers
  A very ugly thing (IceCv)
  7 quicksilver oozes
  A deep elf demonologist (Elf:1)
  2 reapers (IceCv)
  An ettin (Depths:1)
  4 spark wasps
  6 merfolk impalers
  4 merfolk javelineers
  2 entropy weavers
  A great orb of eyes (Slime:5)
  A yaktaur captain (Vaults:2)
  A hydra (Lair:4)
  Fannar (Lair:1)
  7 radroaches
  7 vault guards
  2 jorogumos
  Erica (D:8)
  An alligator snapping turtle (Shoals:4)
  2 merfolk avatars
  A death knight (D:14)
  8 merfolk aquamancers
  2 two-headed ogres (D:9)
  3 satyrs
  2 tengu warriors (D:15)
  13 centaur warriors
  6 boulder beetles
  5 death yaks
  2 vampire magi (D:15)
  2 orc high priests (Orc:2)
  A shadow wraith (Shoals:3)
  A deep elf knight (Elf:1)
  3 skysharks
  Amaemon (Lair:1)
  5 sea snakes (Shoals:4)
  10 orb spiders
  2 obsidian statues (IceCv)
  9 deep trolls (Vaults:1)
  A steelbarb worm (Spider:1)
  A wizard (Vaults:2)
  3 harpies
  7 orc knights
  An oklob plant (Lair:5)
  2 deep elf zephyrmancers (Elf:1)
  6 orc sorcerers
  14 manticores
  A shining eye (Slime:3)
  6 deep elf pyromancers
  13 ugly things
  7 cyclopes
  17 fauns
  21 wolf spiders
  A nameless horror (D:13)
  A moth of wrath (Spider:3)
  5 elephants (Lair:5)
  4 water nymphs
  6 black mambas
  13 merfolk sirens
  2 vault sentinels (Vaults:1)
  3 torpor snails
  An eye of devastation (Slime:5)
  8 cane toads
  An orange demon (Lair:1)
  A gargoyle (D:12)
  Psyche (D:8)
  An unseen horror (shapeshifter) (D:13)
  2 kobold demonologists
  5 yaktaurs (Vaults:1)
  11 komodo dragons
  A tengu conjurer (D:14)
  A golden dragon simulacrum (IceCv)
  3 polar bears
  23 merfolk
  10 trolls
  20 tarantellas
  5 wind drakes
  Prince Ribbit (D:8)
  A wind drake (shapeshifter) (D:15)
  12 hornets
  19 dream sheep
  9 blink frogs
  A spriggan zombie (D:15)
  32 slime creatures
  8 snapping turtles
  39 jumping spiders
  12 culicivoras
  3 wyverns
  2 wraiths
  A spriggan (shapeshifter) (D:14)
  A shadow (D:10)
  33 yaks
  13 spriggans (Lair:5)
  3 basilisks
  A hog (shapeshifter) (D:15)
  3 water elementals (Shoals:3)
  Grum (D:5)
  2 hogs (Spider:4)
  38 redbacks
  2 steam dragons
  11 vampire mosquitoes
  3 wargs
  13 water moccasins
  37 orc warriors
  3 sky beasts
  9 black bears
  An ice beast (D:6)
  9 ogres
  3 boggarts (Lair:5)
  25 wolves
  8 centaurs
  7 kobold brigands
  8 bullfrogs
  5 gnoll sergeants
  5 scorpions
  7 wights
  A jelly (D:5)
  4 killer bees (D:11)
  3 electric eels
  5 howler monkeys
  11 hounds
  12 orc priests
  4 gnoll boudas
  3 iguanas
  23 orc wizards
  32 gnolls
  14 adders
  A river rat (D:6)
  A white imp (D:6)
  5 worms
  3 dart slugs
  77 orcs
  13 ball pythons
  10 bats
  8 endoplasms
  2 giant cockroaches
  4 goblins
  6 hobgoblins
  13 jackals
  2 quokkas (D:1)
  5 frilled lizards
  29 kobolds
  6 rats
1094 creatures vanquished.

Vanquished Creatures (collateral kills)
  Zenata (Vaults:1)
  A lich (Vaults:1)
  An acid blob (Slime:5)
  A fire giant (Vaults:1)
  4 emperor scorpions
  A vault warden (Vaults:1)
  An orc warlord (Vaults:1)
  A war gargoyle (Vaults:1)
  4 ironbound preservers (Vaults:1)
  A deep elf annihilator (Vaults:1)
  Snorg (D:12)
  A jiangshi (D:15)
  An entropy weaver (Spider:4)
  3 merfolk impalers (Shoals:4)
  2 yaktaur captains (Vaults:1)
  3 vault guards
  2 great orbs of eyes
  A caustic shrike simulacrum (IceCv)
  A peacekeeper (Vaults:1)
  A hydra (D:14)
  2 ironbound frosthearts (Vaults:1)
  3 centaur warriors (Vaults:1)
  2 merfolk aquamancers (Shoals:4)
  A death scarab (Spider:4)
  4 skeletal warriors
  7 pharaoh ants
  A skyshark (Shoals:1)
  2 sun moths
  5 sea snakes
  3 ironbound convokers (Vaults:1)
  A deep troll (Vaults:1)
  5 lindwurms (Vaults:1)
  12 harpies
  A necromancer (D:15)
  4 ugly things
  4 steelbarb worms
  A stone giant zombie (D:15)
  A fire giant zombie (D:15)
  3 fauns (Shoals:1)
  4 wolf spiders
  2 shining eyes (Slime:5)
  A manticore (Shoals:4)
  2 merfolk sirens (Shoals:4)
  A frost giant skeleton (D:15)
  5 vault sentinels (Vaults:1)
  An elephant (shapeshifter) (D:14)
  Joseph (D:8)
  6 demonic crawlers
  A golden dragon simulacrum (IceCv)
  7 freezing wraiths
  4 ice devils (IceCv)
  2 merfolk (Shoals:4)
  2 wind drakes (Shoals:4)
  2 tarantellas
  3 jumping spiders
  3 culicivoras
  6 slime creatures
  13 water elementals
  A wraith (D:14)
  A shadow (D:13)
  10 redbacks
  3 hydra simulacra (IceCv)
  An alligator simulacrum (IceCv)
  An ice beast (D:5)
  5 ettin simulacra (IceCv)
182 creatures vanquished.

Vanquished Creatures (others)
  A ghost moth (Spider:3)
  3 humans (Spider:4)
  55 fungi
  147 plants
  14 withered plants (D:15)
220 creatures vanquished.

Grand Total: 1496 creatures vanquished

Notes
Turn   | Place    | Note
-------+----------+-------------------------------------------
     0 | D:1      | Minorbread the Draconian Earth Elementalist began the quest
                  | for the Orb.
     0 | D:1      | Reached XP level 1. HP: 14/14 MP: 3/3
   194 | D:1      | Reached XP level 2. HP: 20/20 MP: 3/5
   274 | D:1      | Found a faded altar of an unknown god.
   589 | D:1      | Reached XP level 3. HP: 22/26 MP: 0/7
   710 | D:1      | Learned a level 3 spell: Stone Arrow
   713 | D:1      | Learned a level 2 spell: Passwall
  1421 | D:2      | Reached skill level 1 in Conjurations
  1421 | D:2      | Reached XP level 4. HP: 29/33 MP: 3/9
  1611 | D:2      | Identified the +2 cloak of Indemnity {Will++ rCorr}
  1762 | D:2      | Found a glowing silver altar of Zin.
  2183 | D:3      | Noticed a scorpion
  2185 | D:3      | Reached XP level 5. HP: 38/38 MP: 7/11
  2205 | D:3      | Reached skill level 4 in Earth Magic
  2670 | D:3      | Reached XP level 6. HP: 41/45 MP: 0/12
  4519 | D:5      | Entered Level 5 of the Dungeon
  4608 | D:5      | Noticed an ice beast
  4909 | D:5      | Reached skill level 5 in Earth Magic
  4909 | D:5      | Your scales start taking on a fiery red colour.
  4909 | D:5      | Reached XP level 7. HP: 50/50 MP: 2/13
  4909 | D:5      | Gained mutation: Your flesh is heat resistant. (rF+) [Red
                  | Draconian growth]
  4993 | D:5      | Reached skill level 5 in Conjurations
  5097 | D:5      | Reached skill level 1 in Fighting
  5478 | D:5      | Reached skill level 5 in Spellcasting
  5541 | D:5      | Reached XP level 8. HP: 67/67 MP: 9/15
  5585 | D:5      | Noticed Grum
  5603 | D:5      | Killed Grum
  5604 | D:5      | Reached skill level 5 in Fighting
  6093 | D:5      | Found a sparkling altar of Nemelex Xobeh.
  6304 | D:5      | Found Qiczyah's General Store.
  7313 | D:6      | Learned a level 4 spell: Flame Wave
  7319 | D:6      | Reached XP level 9. HP: 74/74 MP: 12/16
  7528 | D:6      | Reached skill level 1 in Fire Magic
  7697 | D:6      | Found a glowing golden altar of the Shining One.
  8116 | D:6      | Found a shimmering altar of Xom.
  8117 | D:6      | Found a hazy altar of Hepliaklqana.
  8118 | D:6      | Noticed a spectral ugly thing
  8674 | D:7      | Found a staircase to the Ecumenical Temple.
  8706 | Temple   | Entered the Ecumenical Temple
  8715 | Temple   | Became a worshipper of Vehumet
  8821 | D:7      | Reached skill level 6 in Earth Magic
  9032 | D:7      | Reached skill level 5 in Fire Magic
  9713 | D:8      | Reached * piety under Vehumet
  9713 | D:8      | Offered knowledge of Magic Dart by Vehumet.
  9939 | D:8      | Noticed Prince Ribbit
  9965 | D:8      | Killed Prince Ribbit
 10172 | D:8      | Noticed Psyche
 10178 | D:8      | Killed Psyche
 10307 | D:8      | Found Padeall's Book Emporium.
 10536 | D:8      | Reached XP level 10. HP: 78/88 MP: 7/17
 10624 | D:8      | Noticed Joseph
 10953 | D:8      | Noticed Erica
 11462 | D:9      | Noticed a two-headed ogre
 11466 | D:9      | Killed a two-headed ogre
 11467 | D:9      | Reached skill level 7 in Earth Magic
 11702 | D:9      | Noticed a two-headed ogre
 12216 | D:9      | Killed a two-headed ogre
 12217 | D:9      | Reached skill level 8 in Earth Magic
 12622 | D:10     | Entered Level 10 of the Dungeon
 12840 | D:10     | Offered knowledge of Momentum Strike by Vehumet.
 12909 | D:10     | Identified a scroll of acquirement
 12909 | D:10     | Acquired 1004 gold pieces
 12941 | D:10     | Reached ** piety under Vehumet
 13386 | D:10     | Reached XP level 11. HP: 94/94 MP: 8/22
 13631 | D:10     | Found a staircase to the Orcish Mines.
 13718 | D:10     | Identified the +6 glaive of Fimbulwinter {speed, Int+3}
 13728 | D:10     | Found a staircase to the Lair.
 14265 | D:11     | Noticed a purple ugly thing
 14332 | Lair:1   | Entered Level 1 of the Lair of Beasts
 14490 | Lair:1   | Offered knowledge of Ignite Poison by Vehumet.
 14497 | Lair:1   | Learned a level 3 spell: Ignite Poison
 14597 | Lair:1   | Learned a level 2 spell: Poisonous Vapours
 14602 | Lair:1   | Learned a level 4 spell: Olgreb's Toxic Radiance
 14773 | Lair:1   | Reached skill level 1 in Poison Magic
 14825 | Lair:1   | Noticed Fannar
 14832 | Lair:1   | Killed Fannar
 14833 | Lair:1   | Reached skill level 1 in Air Magic
 15254 | Lair:1   | Reached *** piety under Vehumet
 15440 | Lair:1   | Noticed Amaemon
 15443 | Lair:1   | Killed Amaemon
 15444 | Lair:1   | Reached skill level 5 in Poison Magic
 16073 | Lair:2   | Found a hole to the Spider Nest.
 16116 | Lair:2   | Reached XP level 12. HP: 101/101 MP: 23/25
 16841 | Orc:1    | Entered Level 1 of the Orcish Mines
 16849 | Orc:1    | Offered knowledge of Iskenderun's Mystic Blast by Vehumet.
 17576 | Orc:1    | Learned a level 6 spell: Iron Shot
 17601 | Orc:2    | Entered Level 2 of the Orcish Mines
 17612 | Orc:2    | Found a staircase to the Elven Halls.
 17792 | Orc:2    | Reached **** piety under Vehumet
 17978 | Orc:2    | Noticed an orc high priest
 17982 | Orc:2    | Killed an orc high priest
 17983 | Orc:2    | Reached skill level 5 in Dodging
 18060 | Orc:2    | Found Ziz Sipp's Antique Armour Shop.
 18082 | Orc:2    | Offered knowledge of Fulminant Prism by Vehumet.
 18133 | Orc:2    | Reached skill level 10 in Conjurations
 18320 | Orc:2    | Found Dugg's Jewellery Emporium.
 18629 | Orc:2    | Noticed an orc high priest
 18632 | Orc:2    | Killed an orc high priest
 18844 | Orc:2    | Found Vuczuri's Antique Weapon Emporium.
 18893 | Orc:2    | Reached ***** piety under Vehumet
 19121 | Orc:2    | Offered knowledge of Plasma Beam by Vehumet.
 19231 | Orc:2    | Found Untekh's General Store.
 19285 | Orc:2    | Noticed an orc warlord
 19291 | Orc:2    | Killed an orc warlord
 19292 | Orc:2    | Reached skill level 9 in Earth Magic
 19292 | Orc:2    | Reached XP level 13. HP: 74/111 MP: 14/26
 19400 | Orc:2    | Found a runed translucent gate.
 19400 | Orc:2    | Found a runed translucent gate.
 19402 | Orc:2    | Found a runed translucent gate.
 19403 | Orc:2    | Found an opulent altar of Gozag.
 19404 | Orc:2    | Noticed MuseOD's ghost (journeyman GrFi)
 19404 | Orc:2    | Noticed an ettin
 19608 | Orc:2    | Bought the +3 pair of mountain boots {steadfast, rC+} for
                  | 1206 gold pieces
 19608 | Orc:2    | Found the +3 pair of mountain boots {steadfast, rC+}
 19608 | Orc:2    | Bought a pitted orb for 504 gold pieces
 19608 | Orc:2    | Identified the orb of the Apprentice {*Rage, rF++ Slay+2}
                  | (You bought it in a shop on level 2 of the Orcish Mines)
 20105 | Lair:3   | Found a hide-covered altar of Uskayaw.
 20120 | Lair:3   | Reached skill level 10 in Spellcasting
 20172 | Lair:3   | Learned a level 7 spell: Spellforged Servitor
 20176 | Lair:3   | Found an ornate altar of the Wu Jian Council.
 20530 | Lair:3   | Reached skill level 1 in Summonings
 20940 | Lair:3   | Found a staircase to the Shoals.
 21143 | Lair:3   | Reached skill level 10 in Fighting
 21571 | Lair:4   | Reached skill level 10 in Earth Magic
 22219 | Lair:4   | Reached skill level 5 in Summonings
 22607 | Lair:5   | Entered Level 5 of the Lair of Beasts
 23453 | Lair:5   | Found a staircase to the Slime Pits.
 23453 | Lair:5   | Found a viscous altar of Jiyva.
 23741 | Lair:5   | Reached XP level 14. HP: 121/121 MP: 13/28
 24173 | Lair:5   | Reached skill level 10 in Summonings
 24615 | Lair:5   | Offered knowledge of Yara's Violent Unravelling by Vehumet.
 26006 | D:11     | Identified the +6 trident of Death's Door {flame, Dex+5}
 27525 | D:12     | Noticed Snorg
 27541 | D:12     | Killed Snorg
 27949 | D:12     | Found a portal to a secret trove of treasure.
 28115 | D:12     | Identified the +0 scale mail of Spite {Int+2 Dex+2}
 28431 | D:13     | Found an ornate altar of the Wu Jian Council.
 28463 | D:13     | Found Hianaxem's Magic Scroll Shoppe.
 28470 | D:13     | Bought a scroll of identify for 30 gold pieces
 28470 | D:13     | Bought a scroll of identify for 30 gold pieces
 28470 | D:13     | Bought a scroll of teleportation for 45 gold pieces
 28470 | D:13     | Bought a scroll of identify for 30 gold pieces
 28470 | D:13     | Bought a scroll of identify for 30 gold pieces
 28470 | D:13     | Bought a scroll of teleportation for 45 gold pieces
 28470 | D:13     | Bought a scroll of identify for 30 gold pieces
 28470 | D:13     | Bought a scroll of amnesia for 60 gold pieces
 28470 | D:13     | Bought a scroll of acquirement for 780 gold pieces
 28470 | D:13     | Acquired 717 gold pieces
 29827 | D:14     | Offered knowledge of Fireball by Vehumet.
 30205 | D:14     | Found the +8 trishula "Condemnation" {holy, anguish, *Noise
                  | Fly rN+}
 30471 | D:14     | Found a gate to the Vaults.
 30486 | D:14     | Reached XP level 15. HP: 119/126 MP: 20/29
 30745 | D:8      | Bought the Octavo of Red-Hot Energy for 550 gold pieces
 30812 | D:8      | Killed Joseph
 30841 | D:8      | Killed Erica
 31509 | D:15     | Entered Level 15 of the Dungeon
 31509 | D:15     | Found a staircase to the Depths.
 33066 | Shoals:1 | Entered Level 1 of the Shoals
 33253 | Shoals:1 | Noticed Witt's ghost (adept GrFi)
 33520 | Shoals:1 | Offered knowledge of Lee's Rapid Deconstruction by Vehumet.
 34132 | Shoals:1 | Found a transporter.
 34416 | Shoals:1 | Identified the ring "Cul Depp" {MP+9 AC+4 Dex-5 Slay+2}
 34419 | Shoals:1 | Noticed Jorgrun
 34425 | Shoals:1 | Killed Jorgrun
 34458 | Shoals:1 | Found a transporter.
 34461 | Shoals:1 | Noticed a kraken
 35167 | D:12     | You paid a toll of 3 potions of resistance to enter a
                  | treasure trove
 35168 | Trove    | Entered a treasure trove
 35178 | Trove    | Identified the amulet "Suqiyfra" {Reflect +Inv rF+ SH+5}
 35186 | Trove    | Identified the +1 long sword of Wu Jian, Breathing {flame,
                  | Fragile Str+5 Int+3 Dex+3}
 35189 | Trove    | Identified the +1 hat "Jest" {*Slow rC+++ Regen+ MP-9}
 35192 | Trove    | Identified the +4 hand crossbow "Ojeox" {drain, Fly rN+++
                  | Dex-3 Stlth-}
 35426 | Shoals:2 | Learned a level 8 spell: Lehudib's Crystal Spear
 35603 | Shoals:2 | Found an opulent altar of Gozag.
 36292 | Shoals:3 | Reached skill level 10 in Poison Magic
 36530 | Shoals:3 | Reached skill level 11 in Earth Magic
 36729 | Shoals:3 | Reached XP level 16. HP: 134/134 MP: 28/32
 36757 | Shoals:3 | Found Tyome's Weapon Shoppe.
 36772 | Shoals:3 | Identified the ring "Tosm" {Ice rCorr Str-2 Dex+2}
 37158 | Shoals:3 | Noticed Nikola
 37171 | Shoals:3 | Killed Nikola
 37234 | Shoals:3 | Reached skill level 12 in Earth Magic
 37475 | Shoals:3 | Offered knowledge of Conjure Ball Lightning by Vehumet.
 37791 | Shoals:4 | Entered Level 4 of the Shoals
 38021 | Shoals:4 | Reached skill level 13 in Earth Magic
 38129 | Shoals:4 | Got a barnacled rune of Zot
 38440 | Shoals:4 | Got Nepp's Thorough Guide to the Arcane Truths
 39040 | Shoals:3 | Found the +12 pair of quick blades "Gyre" and "Gimble"
                  | {protect}
 39060 | Shoals:3 | Reached skill level 14 in Earth Magic
 39767 | Shoals:4 | Noticed Ilsuiw
 39776 | Shoals:4 | Killed Ilsuiw
 40321 | Shoals:4 | Learned a level 2 spell: Blink
 40483 | Spider:1 | Entered Level 1 of the Spider Nest
 40631 | Spider:1 | Reached ****** piety under Vehumet
 40639 | Spider:1 | Offered knowledge of Eringya's Noxious Bog by Vehumet.
 40640 | Spider:1 | Reached XP level 17. HP: 136/140 MP: 28/33
 40641 | Spider:1 | Reached skill level 1 in Translocations
 40656 | Lair:2   | Learned a level 6 spell: Eringya's Noxious Bog
 41846 | Spider:2 | Found a frozen archway.
 41940 | IceCv    | Entered an ice cave
 42030 | IceCv    | Offered knowledge of Orb of Destruction by Vehumet.
 42584 | IceCv    | Identified the +1 helmet of the Unseen Realm {Harm rF++}
 42622 | IceCv    | Identified the +0 ice dragon scales of Untruth {Harm rF-
                  | rC++ Int+5 Dex-2 SInv}
 44673 | Spider:3 | Reached skill level 5 in Translocations
 44673 | Spider:3 | Reached skill level 5 in Transmutations
 45224 | Spider:3 | Offered knowledge of Fire Storm by Vehumet.
 45224 | Spider:3 | Offered knowledge of Shatter by Vehumet.
 45224 | Spider:3 | Offered knowledge of Chain Lightning by Vehumet.
 46368 | Spider:3 | Acquired the +0 buckler of the Building Gods {rN+ Will+
                  | Dex-4 Stlth+}
 46375 | Spider:3 | Reached skill level 15 in Earth Magic
 46593 | Spider:3 | Reached XP level 18. HP: 147/147 MP: 24/36
 46834 | Spider:4 | Entered Level 4 of the Spider Nest
 46932 | Spider:4 | Reached skill level 1 in Shields
 47532 | Elf:1    | Entered Level 1 of the Elven Halls
 47809 | Slime:1  | Entered Level 1 of the Pits of Slime
 48203 | Slime:3  | Gained mutation: You sometimes lose your temper in combat.
                  | [a shining eye]
 48204 | Slime:3  | Gained mutation: You have hidden genetic defects. [a
                  | shining eye]
 48206 | Slime:3  | Gained mutation: You do not regenerate when monsters are
                  | visible. [a shining eye]
 48317 | Slime:5  | Entered Level 5 of the Pits of Slime
 48698 | Slime:5  | Found a viscous altar of Jiyva.
 48837 | Slime:5  | Reached skill level 15 in Conjurations
 49072 | Slime:5  | Gained mutation: Potions are less effective at restoring
                  | your health. [hidden defects]
 49108 | Slime:5  | Noticed the Royal Jelly
 49119 | Slime:5  | Reached skill level 5 in Shields
 49120 | Slime:5  | Killed the Royal Jelly
 49278 | Slime:5  | Identified the staff of poison "Pyenaf" {rPois Dex+5}
 49320 | Slime:5  | Identified the +4 fire dragon scales of the Engineer {-Tele
                  | rPois rF++ rC- Str+4 Stlth+}
 49321 | Slime:5  | Identified the ring of Doasoac {*Corrode *Slow rC+++ Int+4
                  | SInv}
 49332 | Slime:5  | Identified the +3 pearl dragon scales "Inorhiut" {rN+
                  | Dex+2}
 49333 | Slime:5  | Identified the staff of cold "Saesoa" {rC+ Will- rCorr
                  | Dex+2}
 49357 | Slime:5  | Got a slimy rune of Zot
 49518 | Lair:5   | Lost mutation: You have hidden genetic defects. [potion of
                  | mutation]
 49518 | Lair:5   | Lost mutation: You do not regenerate when monsters are
                  | visible. [potion of mutation]
 49518 | Lair:5   | Gained mutation: Your large and strong wings let you fly.
                  | [potion of mutation]
 49518 | Lair:5   | Gained mutation: You are clumsy. (Dex -2) [potion of
                  | mutation]
 49518 | Lair:5   | Gained mutation: You have large cloven feet. [potion of
                  | mutation]
 49685 | Orc:2    | Bought a phantom mirror for 560 gold pieces
 49685 | Orc:2    | Bought a potion of mutation for 112 gold pieces
 49685 | Orc:2    | Bought a scroll of teleportation for 42 gold pieces
 49685 | Orc:2    | Bought a scroll of teleportation for 42 gold pieces
 49697 | Orc:2    | Lost mutation: You sometimes lose your temper in combat.
                  | [potion of mutation]
 49697 | Orc:2    | Lost mutation: Your large and strong wings let you fly.
                  | [potion of mutation]
 49697 | Orc:2    | Lost mutation: You have large cloven feet. [potion of
                  | mutation]
 49697 | Orc:2    | Gained mutation: You are frail. (-10% HP) [potion of
                  | mutation]
 50061 | Spider:4 | Noticed Kirke
 50066 | Spider:4 | Killed Kirke
 51319 | Spider:4 | Reached XP level 19. HP: 138/138 MP: 16/37
 51637 | Spider:4 | Got a gossamer rune of Zot
 52043 | Vaults:1 | Entered Level 1 of the Vaults
 52043 | Vaults:1 | Noticed Zenata
 52050 | Vaults:1 | Killed Zenata
 52493 | Depths:1 | Entered Level 1 of the Depths
 52493 | Depths:1 | Noticed a caustic shrike
 52493 | Depths:1 | Noticed a juggernaut
 52725 | Vaults:1 | Found a flickering gateway to a bazaar.
 52734 | Bazaar   | Entered a bazaar
 52738 | Bazaar   | Found Ybuf's Jewellery Boutique.
 52760 | Bazaar   | Found Wustemid's Book Emporium.
 52781 | Bazaar   | Found Puliximo's Book Boutique.
 52801 | Bazaar   | Found Fiheh Iva's Antique Armour Shoppe.
 52843 | Bazaar   | Bought a book of Scorching for 330 gold pieces
 52850 | Bazaar   | Learned a level 6 spell: Summon Cactus Giant
 53549 | Vaults:1 | Reached skill level 16 in Earth Magic
 54699 | Vaults:2 | Noticed Mennas
 54845 | D:15     | Slain by a fire giant

Illustrated notes

Levels and vault maps discovered:
D:1:      lemuel_arrival_hallway, layout_loops_ring,
          hellmonk_ecumenical_altar_heavens_door
D:2:      minmay_general_purpose_star, layout_rooms, basic_altar,
          minmay_misc_feat_tiny
D:3:      layout_rooms, st_stairs_4, minmay_snake_closets
D:4:      layout_layer_cave
D:5:      layout_cave_pods, mainiacjoe_overflow_surrounded_room,
          serial_gnoll_camp, gnoll_camp_mini_shop, grums_kennel,
          gnoll_camp_mini_hut, gnoll_camp_mini_basic, gnoll_camp_huts_basic
D:6:      layout_loops_ring, regret_index_temple_of_mockery, lemuel_round_altar,
          lightli_sewer_entry_pipes, minivault_27
D:7:      layout_cave_pools, minmay_temple_entry_drinking_statues, st_stairs_2
D:8:      layout_gridville, serial_shops, nicolae_shop_behind_doors, uniq_erica,
          uniq_prince_ribbit1, uniq_joseph, uniq_psyche
D:9:      layout_small_grid
D:10:     layout_basic, lair_entry_dummy, david_orc_3
D:11:     layout_layer_cave
D:12:     layout_stronghold, nicolae_trove_entry_crystal, uniq_snorg
D:13:     layout_gridville, serial_shops, shop, nzn_wu_jian_contemplation
D:14:     layout_cave_pools, lightli_vaults_fourway_checkpoint,
          wad_floor_pattern_untrapped
D:15:     gammafunk_depths_entry_grave, layout_layer_cave, special_room
          [special_room_orc]
Temple:   mainiacjoe_temple_coin_purse
Lair:1:   layout_concentric_octagons, beast_lair_carwin_1, uniq_fannar,
          uniq_amaemon
Lair:2:   layout_roguey, spider_nest_entry_a
Lair:3:   layout_hall_layers, shoals_dummy_entry,
          nzn_masters_of_martial_movement, serial_bayou_shore_a
Lair:4:   layout_loops_ring, chequers_serial_rivers_large_b,
          chequers_serial_rivers_micro_a, lemuel_fruit_tree, grunt_megastairs_1
Lair:5:   minmay_lair_end_enchanted_forest, layout_big_grid, slime_entry_1
Shoals:1: layout_shoals, ebering_ghost_davey_jones,
          nicolae_shoals_lost_giant_amphitheater, uniq_jorgrun
Shoals:2: layout_shoals, lemuel_centaur_altar
Shoals:3: layout_shoals, serial_shops, shop_fountains,
          nicolae_shoals_hidden_pirate_stash, uniq_nikola
Shoals:4: shoals_end_simple, layout_shoals, shoals_ilsuiw_alternative
Spider:1: layout_spider_delve
Spider:2: layout_chambers, portal_ice_cave_entry_ugly_swarm
Spider:3: nicolae_spider_jumping_over_cracks [nicolae_spider_jumping_sub_stairs,
          nicolae_spider_jumping_sub_plain, nicolae_spider_jumping_sub_pools,
          nicolae_spider_jumping_sub_notch], drop_trap
Spider:4: spider_rune_water, nicolae_looking_at_the_future, uniq_kirke
Slime:1:  layout_caves
Slime:2:  layout_caves
Slime:3:  layout_caves
Slime:4:  layout_caves, basic_altar
Slime:5
Orc:1:    layout_diamond_mine
Orc:2:    grunt_orc_gardens, layout_caves, grunt_orc_garden, grunt_orc_garden,
          grunt_orc_garden, grunt_orc_garden, ebering_ghost_gozag
Elf:1:    eino_elf_arrival_the_gate, layout_geoelf_octagon,
          gammafunk_ghost_berserking_beasts, serial_shops,
          nicolae_shop_advertising_works [nicolae_subvault_shop_adworks],
          minivault_28
Vaults:1: nicolae_vaults_trapezoid_lopsided_4, vaults_dpeg_diagonal,
          ontoclasm_vaults_shuriken, hangedman_vaults_capsules, st_star,
          ontoclasm_vaults_eye, vaults_room_grunt_arrival_checkpoint, v_misc_8,
          layout_vaults_big_room, serial_shops, bzr_entry_water, uniq_zenata
Vaults:2: lightli_enter_wizlab_magi_temple, nicolae_vaults_double_plus_3,
          v_misc_9, vaults_mumra_minichess, hangedman_vaults_cutoff,
          grunt_vaults_focal, nicolae_vaults_offset_grid_hallway_4,
          vaults_room_corners, nicolae_vaults_closet_pinwheel_2,
          nicolae_vaults_offset_grid_hallway_3, nicolae_vaults_little_squares_4,
          nicolae_vaults_border_crossing, nicolae_vaults_tetromino_L_2,
          layout_vaults_omnibox, uniq_mara, uniq_saint_roka, uniq_mennas
Depths:1: layout_small_grid, enter_ziggurat_d, lightli_too_deep,
          kiku_gazebo_pond_becter, evilmike_ambush
          [evilmike_ambush_outer_corners, evilmike_ambush_inner_cross]

Skill      XL: |  1  2  3  4  5  6  7  8  9 10 11 12 13 14 15 16 17 18 19 |
---------------+----------------------------------------------------------+-----
Spellcasting   | 3 4 5 7 9 10 12 14 | 14.8
Conjurations   | 1 2 3 4 5 8 10 12 13 14 15 | 15.9
Earth Magic    | 4 5 6 8 9 10 11 14 15 16 | 16.0
Fighting       | 4 5 8 9 10 | 10.0
Dodging        | 3 5 |  5.0
Fire Magic     | 6 8 |  8.0
Poison Magic   | 6 8 10 11 12 | 12.0
Air Magic      | 4 |  4.1
Summonings     | 9 12 14 | 14.0
Translocations | 5 |  5.0
Transmutations | 5 7 8 |  8.0
Shields        | 7 8 |  8.0
Stealth        | |  1.7

Action                     |  1- 3 |  4- 6 |  7- 9 | 10-12 | 13-15 | 16-18 | 19-21 || total
---------------------------+-------+-------+-------+-------+-------+-------+-------++-------
  Melee: Unarmed           |     7 |       |       |       |       |       |       ||     7
         Dagger            |    20 |     7 |   210 |   123 |       |       |       ||   360
         Tailslap          |     4 |     1 |    34 |    24 |       |     4 |     1 ||    68
         Punch             |       |       |     4 |     1 |       |       |       ||     5
         Demon whip        |       |       |       |    22 |     1 |       |       ||    23
         Trishula          |       |       |       |       |       |    20 |     1 ||    21
  Throw: Throwing net      |       |       |     4 |       |       |       |       ||     4
         Boomerang         |       |       |     3 |       |       |       |       ||     3
   Cast: Sandblast         |    68 |   111 |    64 |     1 |       |       |       ||   244
         Stone Arrow       |       |    11 |   110 |   120 |    82 |       |       ||   323
         Flame Wave        |       |       |     1 |    10 |       |       |       ||    11
         Poisonous Vapours |       |       |       |   125 |   281 |   303 |    27 ||   736
         Ignite Poison     |       |       |       |    83 |   241 |   311 |    37 ||   672
         Olgreb's Toxic Ra |       |       |       |    13 |    59 |    56 |    15 ||   143
         Iron Shot         |       |       |       |       |    21 |    55 |     1 ||    77
         Spellforged Servi |       |       |       |       |    26 |    78 |    23 ||   127
         Eringya's Noxious |       |       |       |       |       |    28 |     3 ||    31
         Lehudib's Crystal |       |       |       |       |       |     8 |     6 ||    14
         Summon Cactus Gia |       |       |       |       |       |       |    11 ||    11
Ability: Breathe Fire      |       |       |     1 |       |     1 |       |       ||     2
  Evoke: Wand              |       |       |       |       |       |     4 |       ||     4
         Lightning rod     |       |       |       |       |       |     3 |       ||     3
    Use: Scroll            |       |     6 |    10 |     5 |    14 |     6 |     4 ||    45
         Potion            |       |     1 |       |       |       |     6 |     1 ||     8
   Stab: Sleeping          |     1 |       |     1 |       |       |       |       ||     2
         Invisible         |       |       |       |       |       |     1 |       ||     1
 Armour: Skin              |    25 |    33 |   152 |   103 |   118 |   212 |    82 ||   725
  Dodge: Dodged            |    46 |    51 |   185 |   123 |   156 |   248 |   101 ||   910
  Block: Orb               |       |       |       |       |       |     1 |       ||     1
         Reflection        |       |       |       |       |       |     1 |       ||     1
